 Dungeon Crawl Stone Soup version 0.13-a0-3016-gcb2faac (webtiles) character file.

54 4tharraofdagon the Firebug (level 2, -2/21 HPs)
             Began as a Djinni Fire Elementalist on Sept 10, 2013.
             Slain by a rat (3 damage)
             ... on Level 4 of the Dungeon.
             The game lasted 00:01:41 (314 turns).

4tharraofdagon the Firebug (DjFE)                    Turns: 314, Time: 00:01:41

HP  -2/21        AC  3     Str  8      XL: 2   Next: 17%
MP   0/0         EV 10     Int 15      God:
Gold 43          SH  0     Dex 13      Spells:  1 memorised,  3 levels left

Res.Fire  : + + +   See Invis. : .   e - +1,+0 elf short sword
Res.Cold  : x . .   Warding    : .   d - +0 leather armour
Life Prot.: + + +   Conserve   : .   (no shield)
Res.Poison: .       Res.Corr.  : .   (no helmet)
Res.Elec. : .       Clarity    : .   (no cloak)
Sust.Abil.: . .     Spirit.Shd : .   (no gloves)
Res.Mut.  : .       Stasis     : .   (boots unavailable)
Res.Rott. : .       Flight     : .   (no amulet)
Saprovore : . . .                    (no ring)
                                     h - ring of protection from magic {unknown}

@: very slightly contaminated, somewhat resistant to hostile enchantments,
unstealthy
A: fire immunity, cold vulnerability, life protection 3
a: no special abilities


You were on level 4 of the Dungeon.
You were not hungry.

You visited 1 branch of the dungeon, and saw 4 of its levels.

You collected 23 gold pieces.

Inventory:

Hand weapons
 e - a +1,+0 elven short sword (weapon)
Armour
 a - a +0 robe
 d - a +0 leather armour (worn)
Scrolls
 c - 2 scrolls of identify {unknown}
 g - a scroll of enchant weapon II {unknown}
Jewellery
 h - a ring of protection from magic (left hand) {unknown}
Potions
 f - a potion of restore abilities {unknown}
Books
 b - a book of Flames

   Spells                             Type                      Level
   *Flame Tongue                      Conjuration/Fire             1
   Throw Flame                        Conjuration/Fire             2
   Conjure Flame                      Conjuration/Fire             3
   Inner Flame                        Hexes/Fire                   3
   Sticky Flame                       Conjuration/Fire             4
   Fireball                           Conjuration/Fire             5


   Skills:
 - Level 1.7 Dodging
 - Level 1.5 Stealth
 + Level 1.5 Spellcasting
 * Level 1.7 Conjurations
 * Level 4.4 Fire Magic


You had 3 spell levels left.
You knew the following spells:

 Your Spells              Type           Power        Failure   Level  Hunger
a - Flame Tongue          Conj/Fire      ##...        10%         1    ##.....


Dungeon Overview and Level Annotations

Branches:
Dungeon (4/27)
 Temple: D:4-7

Altars:
Ashenzari


Innate Abilities, Weirdness & Mutations

You are immune to all types of fire, even holy and hellish.
You are vulnerable to cold.
You need no food.
You have no legs.
You are immune to negative energy.


Message History

The orc is severely wounded.
The orc hits you with an orcish dagger.
Casting: Flame Tongue
Confirm with . or Enter, or press ? or * to list all spells.
Aiming: Flame Tongue
Press: ? - help, Shift-Dir - straight line, f/p - orc
Aim: an orc, wielding an orcish dagger and wearing an orcish leather armour (severely wounded)
The flame hits the orc.
The orc appears unharmed.
The orc is severely wounded.
The orc hits you with an orcish dagger.
* * * LOW HITPOINT WARNING * * *
Casting: Flame Tongue
Confirm with . or Enter, or press ? or * to list all spells.
Aiming: Flame Tongue
Press: ? - help, Shift-Dir - straight line, f/p - orc
Aim: an orc, wielding an orcish dagger and wearing an orcish leather armour (severely wounded)
The flame hits the orc.
You kill the orc!
You hit the rat but do no damage. The rat bites you.
You die...

..........######)#
#.# #.#
...<...##......(.#
#.# ##.##
.####.###.########
#.# ###...# .# #.#
#.# #.# #.....# #
#.# #.# #.#
#.#...# #.# #.#
#.##### #.#
######.#####.##
#.#
#.............####
#.#
#@####.#####..)...
#.# #r#
#..........%. #.#
#.# #######.#####
#.# #.# #.# #.#
#.# #.#
#######.##### #..
#............ ##.
#.####..###.# .
#.##


You could see a rat.

Vanquished Creatures
  A giant gecko (D:4)
  2 orcs
  2 goblins (D:4)
  A hobgoblin (D:1)
  A giant newt (D:4)
  2 kobolds
9 creatures vanquished.

Notes
Turn   | Place    | Note
--------------------------------------------------------------
     0 | D:1      | 4tharraofdagon, the Djinni Fire Elementalist, began the quest for the Orb.
     0 | D:1      | Reached XP level 1. HP: 14/14 MP: 0/0
   239 | D:4      | Found a shattered altar of Ashenzari.
   282 | D:4      | Noticed a scorpion
   287 | D:4      | Reached XP level 2. EP: 18/21
   314 | D:4      | Slain by a rat

Action                   || total
-------------------------++-------
Melee: Short sword       ||     4
 Cast: Flame Tongue      ||    18
  Use: Potion            ||     1
